 Dungeon Crawl Stone Soup version 0.30-a0-709-gcdc1b43e22 (webtiles) character file.

Game seed: 10897400431195034917

1298 Conn the Firebug (level 8, -14/48 HPs)
             Began as an Octopode Fire Elementalist on Jan 22, 2023.
             Demolished by Duvessa
             ... wielding a +0 rapier
              (15 damage)
             ... on level 4 of the Dungeon.
             The game lasted 00:13:27 (3993 turns).

Conn the Firebug (Octopode Fire Elementalist)       Turns: 3993, Time: 00:13:28

Health: -14/48     AC:  1    Str:  7    XL:     8   Next: 56%
Magic:  0/15       EV: 13    Int: 26    God:
Gold:   257        SH:  0    Dex: 12    Spells: 3/17 levels left

rFire   . . .      SeeInvis .    n - +3 falchion (protect)
rCold   . . .      Faith    .    (no shield)
rNeg    . . .      Spirit   +    (helmet restricted)
rPois   .          Reflect  .    i - amulet "Odwaschibb" {Spirit Stlth+}
rElec   .          Harm     .    l - +6 ring of intelligence
rCorr   .          Rampage  .    (no ring)
Will    .....                    (no ring)
Stlth   +++++                    (no ring)
HPRegen 0.28/turn                (no ring)
MPRegen 0.14/turn                (no ring)
                                 (no ring)
                                 (no ring)

@: no status effects
A: almost no armour, amphibious, 8 rings, camouflage 1, gelatinous body 1,
(nimble swimmer 1), tentacles
a: no special abilities


You were on level 4 of the Dungeon.
You visited 2 branches of the dungeon, and saw 6 of its levels.

You collected 257 gold pieces.

Inventory:

Hand Weapons
 c - a +0 short sword
 e - a +0 rapier
 k - a +4 dagger
 m - a +2 dire flail of protection
 n - a +3 falchion of protection (weapon)
Magical Staves
 h - a staff of poison
Jewellery
 i - the amulet "Odwaschibb" (around mantle) {Spirit Stlth+}
   (You found it on level 2 of the Dungeon)

   [amulet of guardian spirit]

   It causes incoming damage to be divided between your reserves of health and
   magic.
   Stlth:     It makes you more stealthy.
 l - a +6 ring of intelligence (left tentacle)
Scrolls
 f - a scroll of teleportation
 g - 2 scrolls of enchant armour
Potions
 a - a potion of magic
 d - 2 potions of heal wounds


   Skills:
 + Level 1.0 Fighting
 + Level 1.4(1.6) Short Blades
 + Level 0.9(1.3) Long Blades
 + Level 0.3(0.5) Maces & Flails
 + Level 0.3(0.5) Staves
 + Level 2.4 Dodging
 + Level 4.7 Stealth
 + Level 5.1 Spellcasting
 * Level 3.9 Conjurations
 + Level 1.4 Hexes
 * Level 2.1 Transmutations
 + Level 5.4 Fire Magic
 * Level 3.0 Earth Magic


You had 3 spell levels left.
You knew the following spells:

 Your Spells              Type           Power      Damage    Failure   Level
a - Foxfire               Conj/Fire      100%       2x1d9     1%          1
b - Petrify               Tmut/Erth      19%        N/A       26%         4
c - Inner Flame           Hex/Fire       24%        N/A       5%          3
d - Flame Wave            Conj/Fire      31%        2d9       11%         4
e - Scorch                Fire           68%        2d8       1%          2

Your spell library contained the following spells:

 Spells                   Type           Power      Damage    Failure   Level
 Kindle Blastsparks       Fire/Tloc/Air  32%        2d12      11%         3
 Metabolic Englaciation   Hex/Ice        5%         N/A       83%         5
 Statue Form              Tmut/Erth      12%        N/A       99%         6


Dungeon Overview and Level Annotations

Branches:
Dungeon (5/15)             Temple (1/1) D:4

Altars:
Ashenzari
Cheibriados
Dithmenos
Kikubaaqudgha
Makhleb
Okawaru
Qazlal
Uskayaw
Xom
Yredelemnul

Shops:
D:4 (

Annotations:
D:4 Duvessa, Sigmund


Innate Abilities, Weirdness & Mutations

You cannot wear most types of armour.
You are amphibious.
You can wear up to eight rings at the same time.
Your skin changes colour to match your surroundings (Stealth+).
Your rubbery body absorbs attacks. (AC +1, EV +1)
((You are camouflaged when in or above water. (Stealth+)))
You have tentacles for arms and can constrict up to eight enemies at once.


Message History

Duvessa is moderately wounded.
Duvessa is engulfed in blazing flames.
Flame seeps out of Duvessa.
Duvessa closely misses you.
Duvessa is engulfed in blazing flames.
Flame seeps out of Duvessa.
Duvessa closely misses you.
Duvessa is engulfed in blazing flames.
Flame seeps out of Duvessa.
Casting: Flame Wave (quite dangerous; 11% risk of failure)
Confirm with . or Enter, or press ? or * to list all spells.
Okay, then.
Unknown command.
Unknown command.
Casting: Flame Wave (quite dangerous; 11% risk of failure)
Confirm with . or Enter, or press ? or * to list all spells.
You conjure some foxfire!
Duvessa hits you with a +0 rapier! Duvessa barely misses you.
Casting: Foxfire (safe; 1% risk of failure)
Confirm with . or Enter, or press ? or * to list all spells.
You conjure some foxfire!
Duvessa hits you with a +0 rapier!
The foxfire hits Sigmund.
Sigmund is lightly wounded.
Duvessa attacks as you move away! Duvessa barely misses you.
The foxfire hits Duvessa but does no damage.
Duvessa is heavily wounded.
The foxfire hits Duvessa.
Flame seeps out of Duvessa.
Duvessa is heavily wounded.
The foxfire hits Duvessa but does no damage.
Duvessa is heavily wounded.
Duvessa is engulfed in blazing flames.
Flame seeps out of Duvessa.
Duvessa hits you with a +0 rapier!!
* * * LOW HITPOINT WARNING * * *
Okay, then.
Unknown command.
Unknown command.
Unknown command.
Okay, then.
Okay, then.
Unknown command.
As you read the scroll of fear, it crumbles to dust.
You assume a fearsome visage.
Duvessa is unaffected.
Sigmund looks frightened!
Duvessa hits you with a +0 rapier!
You die...

..................##[..
#.....#.<...#.##.###...
###.....##......##..###..
#........................
...............#.###....
##..............####....
................###..... .
##.§....#.....##......
....#...e@.##...........##
.......○#..##.....###..... ...
.........#...##..######.... ...
## ######..@#.###...#..#####.
....#.
.....#.§.......).#..#∩'.#.
....#.
[$...#..............###..#
....#.
#.##.#...#........###....# #..#.
#.##.#...#.......## #.#...
#..#.##.##.#...........####.....


You could see Duvessa (berserk, inner flame) and Sigmund (fleeing).

Vanquished Creatures
  Eustachio (D:5)
  Edmund (D:4)
  An ice beast (D:5)
  The ghost of chipmonk the Trooper, an amateur MiBe of Trog (D:4)
  A black bear (D:5)
  An ogre (D:5)
  A centaur (D:5)
  A phantom (D:4)
  A kobold brigand (D:5)
  2 scorpions
  Dowan (D:4)
  2 hounds
  A gnoll bouda (D:5)
  4 iguanas (D:5)
  An adder (D:2)
  4 gnolls (D:5)
  A worm (D:4)
  2 dart slugs (D:1)
  5 ball pythons
  9 bats
  6 endoplasms
  2 giant cockroaches
  4 goblins
  8 hobgoblins
  11 kobolds
  5 quokkas
  A frilled lizard (D:1)
  A rat (D:1)
79 creatures vanquished.

Vanquished Creatures (others)
  262 foxfires
  A withered plant (D:1)
263 creatures vanquished.

Grand Total: 342 creatures vanquished

Notes
Turn   | Place    | Note
-------+----------+-------------------------------------------
     0 | D:1      | Conn the Octopode Fire Elementalist began the quest for the
                  | Orb.
     0 | D:1      | Reached XP level 1. HP: 11/11 MP: 3/3
   178 | D:1      | Reached XP level 2. HP: 17/17 MP: 0/5
   544 | D:1      | Found a faded altar of an unknown god.
   552 | D:1      | Reached skill level 1 in Short Blades
   613 | D:1      | Reached XP level 3. HP: 21/21 MP: 2/6
   739 | D:1      | Learned a level 2 spell: Scorch
  1548 | D:2      | Noticed a scorpion
  1558 | D:2      | Killed a scorpion
  1559 | D:2      | Reached XP level 4. HP: 16/27 MP: 0/8
  1638 | D:2      | Identified the amulet "Odwaschibb" {Spirit Stlth+}
  1746 | D:2      | Reached XP level 5. HP: 31/31 MP: 6/9
  1919 | D:3      | You fall into a shaft and drop 2 floors!
  1919 | D:5      | Entered Level 5 of the Dungeon
  1919 | D:5      | Found a shimmering altar of Xom.
  1919 | D:5      | Found a shimmering blue altar of Sif Muna.
  1919 | D:5      | Found an ancient bone altar of Kikubaaqudgha.
  1919 | D:5      | Found a shimmering blue altar of Sif Muna.
  1919 | D:5      | Found a blossoming altar of Fedhas.
  1972 | D:5      | Noticed a kobold brigand
  2081 | D:5      | Killed a kobold brigand
  2228 | D:5      | Noticed Eustachio
  2259 | D:4      | Noticed Duvessa
  2259 | D:4      | Noticed Dowan
  2345 | D:4      | Found a staircase to the Ecumenical Temple.
  2354 | D:4      | Reached XP level 6. HP: 37/37 MP: 7/11
  2357 | Temple   | Entered the Ecumenical Temple
  2506 | D:4      | Noticed Edmund
  2514 | D:4      | Learned a level 3 spell: Inner Flame
  2519 | D:4      | Learned a level 4 spell: Flame Wave
  2527 | D:4      | Killed Edmund
  2657 | D:4      | Found Wiudet's Weapon Shop.
  2780 | D:4      | Killed Dowan
  2938 | D:5      | Noticed an ice beast
  2945 | D:5      | Reached XP level 7. HP: 42/42 MP: 5/13
  3036 | D:5      | Learned a level 4 spell: Petrify
  3119 | D:5      | Reached skill level 1 in Earth Magic
  3233 | D:5      | Killed Eustachio
  3234 | D:5      | Reached skill level 1 in Transmutations
  3234 | D:5      | Reached skill level 5 in Fire Magic
  3429 | D:5      | Reached skill level 1 in Hexes
  3429 | D:5      | Reached XP level 8. HP: 35/47 MP: 0/15
  3787 | D:4      | Reached skill level 1 in Fighting
  3787 | D:4      | Reached skill level 5 in Spellcasting
  3857 | D:4      | Found a runed translucent gate.
  3858 | D:4      | Found a runed translucent gate.
  3861 | D:4      | Found a runed translucent gate.
  3862 | D:4      | Noticed chipmonk's ghost (amateur MiBe)
  3891 | D:4      | Killed chipmonk's ghost
  3987 | D:4      | Noticed Sigmund
  3992 | D:4      | HP: 1/48 [Duvessa/+0 rapier (18)]
  3993 | D:4      | Demolished by Duvessa

Illustrated notes

Levels and vault maps discovered:
D:1:      lemuel_arrival_river_ford, layout_basic,
          ebering_ecumenical_altar_petrified
D:2:      layout_basic, serial_bayou_ford_a, minmay_tromino_v2
D:3:      layout_rooms, gammafunk_temple_overflow_wave, grunt_decor_junction
D:4:      layout_cave_pools, nicolae_elyvilon_temple_path,
          minmay_temple_entry_mist, serial_shops, nicolae_shop_window_shopping,
          gammafunk_ghost_split, uniq_edmund, uniq_duvessa, uniq_sigmund
D:5:      layout_rooms, doesnt_xom_only_xom, minivault_4, uniq_eustachio
Temple:   nicolae_temple_ecumenical_triangle

Skill      XL: |  1  2  3  4  5  6  7  8 |
---------------+-------------------------+-----
Short Blades   | 1 |  1.4
Stealth        | 4 |  4.7
Spellcasting   | 3 4 5 |  5.1
Conjurations   | 2 3 |  3.9
Fire Magic     | 4 5 |  5.4
Earth Magic    | 2 3 |  3.0
Transmutations | 1 2 |  2.1
Hexes          | 1 |  1.4
Fighting       | 1 |  1.0
Long Blades    | |  0.9
Maces & Flails | |  0.3
Staves         | |  0.3
Dodging        | |  2.4

Action                     |  1- 3 |  4- 6 |  7- 9 || total
---------------------------+-------+-------+-------++-------
  Melee: Short sword       |     4 |       |       ||     4
         Rapier            |    16 |       |       ||    16
         Constrict         |     5 |     5 |     5 ||    15
         Tentacles         |     5 |     3 |     3 ||    11
         Staff             |     8 |     8 |       ||    16
         Dire flail        |       |     4 |       ||     4
         Falchion          |       |       |    13 ||    13
   Cast: Foxfire           |    52 |    63 |    40 ||   155
         Scorch            |       |     6 |     9 ||    15
         Inner Flame       |       |     2 |    10 ||    12
         Flame Wave        |       |       |     1 ||     1
    Use: Potion            |     1 |       |       ||     1
         Scroll            |       |     1 |     5 ||     6
   Stab: Sleeping          |     7 |     2 |       ||     9
 Armour: Skin              |     4 |     3 |     1 ||     8
  Dodge: Dodged            |    20 |    14 |    12 ||    46

Table legend: (Time is in decaauts)
 A = Elapsed time spent in this place.
 B = Non-inter-level travel time spent in this place.
 C = Inter-level travel time spent in this place.
 D = Time resting spent in this place.
 E = Time spent auto-exploring this place.
 F = Levels seen in this place.
 G = Mean time per level.
                   A        B        C        D        E       F      G
               +--------+--------+--------+--------+--------+-----+--------+
         Total |   4002 |   3892 |    110 |    222 |   2744 |   6 |  667.0 |
       Dungeon |   3947 |   3837 |    110 |    222 |   2705 |   5 |  789.4 |
        Temple |     54 |     54 |      0 |      0 |     39 |   1 |   54.0 |
               +--------+--------+--------+--------+--------+-----+--------+

Top non-repeatable levels by time:
     D:5: 1338 daAuts
     D:1: 945 daAuts
     D:2: 927 daAuts
     D:4: 687 daAuts
  Temple: 54 daAuts
     D:3: 50 daAuts
